 Dungeon Crawl Stone Soup version 0.27-a0-650-g8dd3ea4f36 (webtiles) character file.

Game seed: 7267193974674201665

41 MalarOregon the Sneak (level 3, -3/22 HPs)
             Began as a Halfling Hedge Wizard on Mar 15, 2021.
             Killed from afar by a white imp (4 damage)
             ... with a puff of frost
             ... on level 2 of the Dungeon.
             The game lasted 00:04:02 (1896 turns).

MalarOregon the Sneak (Halfling Hedge Wizard)       Turns: 1896, Time: 00:04:03

Health: -3/22      AC:  2    Str: 17    XL:     3   Next: 75%
Magic:  3/6        EV: 14    Int: 13    God:
Gold:   49         SH:  0    Dex: 13    Spells: 6/7 levels left

rFire    x . .     SeeInvis .   a - +0 dagger
rCold    + . .     Faith    .   (shield restricted)
rNeg     . . .     Spirit   .   b - +0 robe
rPois    .         Reflect  .   c - +0 hat
rElec    .         Harm     .   (no cloak)
rCorr    .         Rampage  .   (no gloves)
Will     .....                  (no boots)
Stlth    ++........             (no amulet)
HPRegen  0.07/turn              g - +6 ring of strength
MPRegen  0.10/turn              l - ring of ice

@: no status effects
A: small, no large weapons, mutation resistance 1
a: no special abilities


You were on level 2 of the Dungeon.
You visited 1 branch of the dungeon, and saw 2 of its levels.

You collected 49 gold pieces.

Inventory:

Hand Weapons
 a - a +0 dagger (weapon)
 h - a +0 hunting sling
   (You found it on level 1 of the Dungeon)
Missiles
 e - 63 stones
 i - 9 poisoned darts
Armour
 b - a +0 robe (worn)
 c - a +0 hat (worn)
Jewellery
 g - a +6 ring of strength (right hand)
   (You found it on level 1 of the Dungeon)
 l - a ring of ice (left hand)
   (You found it on level 1 of the Dungeon)
Scrolls
 d - a scroll of blinking {unknown}
 f - 2 scrolls of teleportation {unknown}
 k - 3 scrolls of noise {unknown}
 m - a scroll of identify {unknown}
Potions
 j - a potion of heal wounds {unknown}
 n - a potion of ambrosia {unknown}
 o - a potion of curing {unknown}


   Skills:
 + Level 0.7 Fighting
 + Level 0.9 Short Blades
 + Level 2.4 Dodging
 + Level 2.7 Stealth
 + Level 2.5 Spellcasting
 + Level 1.1 Conjurations
 + Level 1.1 Summonings
 + Level 1.5 Translocations


You had 6 spell levels left.
You knew the following spells:

 Your Spells              Type           Power      Damage    Failure   Level
a - Magic Dart            Conj           16%        1d3       16%         1

Your spell library contained the following spells:

 Spells                   Type           Power      Damage    Failure   Level
 Blink                    Tloc           N/A        N/A       21%         2
 Call Imp                 Summ           4%         N/A       22%         2
 Slow                     Hex            1%         N/A       36%         2
 Conjure Flame            Conj/Fire      3%         6-21      50%         3
 Mephitic Cloud           Conj/Pois/Air  2%         N/A       52%         3


Dungeon Overview and Level Annotations

Branches:
Dungeon (2/15)

Altars:


Innate Abilities, Weirdness & Mutations

You are small and have problems with some larger weapons.
You are somewhat resistant to further mutation.


Message History

The magic dart hits the white imp but does no damage.
You can't see any susceptible monsters within range! (Use Z to cast anyway.)
A white imp is nearby!
You feel more attuned to ice.
l - a ring of ice (left hand)
The magic dart hits the white imp but does no damage.
You hit the white imp.
The white imp sputters.
The white imp hits you but does no damage.
You closely miss the white imp. The white imp gestures at you.
The puff of frost misses you.
You barely miss the white imp. The white imp closely misses you.
You closely miss the white imp.
The white imp hits you but does no damage.
You hit the white imp but do no damage. The white imp barely misses you.
You hit the white imp but do no damage. The white imp closely misses you.
You barely miss the white imp.
An adder comes into view.
The white imp hits you. The white imp freezes you. You resist.
You barely miss the white imp. The white imp closely misses you.
You hit the white imp but do no damage. The white imp barely misses you.
You closely miss the white imp. You hit the white imp but do no damage.
The white imp puffs mist at you. The white imp gestures at you.
The puff of frost hits you. You resist.
You hit the white imp but do no damage. The white imp gestures at you.
The puff of frost hits you. You resist.
You hit the white imp. The white imp gestures at you.
The puff of frost hits you. You resist.
* * * LOW HITPOINT WARNING * * *
Aim: a white imp (heavily wounded, 0% to evade)
The magic dart hits the white imp but does no damage.
The white imp gestures at you. The puff of frost hits you. You resist.
* * * LOW HITPOINT WARNING * * *
Aim: a white imp (heavily wounded, 0% to evade)
The magic dart hits the white imp but does no damage.
The white imp gestures at you. The puff of frost hits you. You resist.
* * * LOW HITPOINT WARNING * * *
You hit the white imp. The white imp misses you.
You closely miss the white imp. The white imp misses you.
You completely miss the white imp. The white imp gestures at you.
The puff of frost hits you. You resist.
You die...

...รท..#.........#....####
............>...>#..#.....
..................#........
........##...........######
##.##.........###
#........##.###
..#......##...#
.....#......### #...@#####
.......5# .....#..#
......... ####..#.. #..#.#.
#...... ........


You could see a white imp.

Vanquished Creatures
  2 dart slugs (D:1)
  A leopard gecko (D:1)
  4 bats
  2 giant cockroaches (D:1)
  5 hobgoblins
  3 jackals (D:1)
  4 kobolds (D:1)
  2 ball pythons
  3 frilled lizards (D:1)
  3 goblins
  5 rats
34 creatures vanquished.

Notes
Turn   | Place    | Note
-------+----------+-------------------------------------------
     0 | D:1      | MalarOregon the Halfling Hedge Wizard began the quest for
                  | the Orb.
     0 | D:1      | Reached XP level 1. HP: 11/11 MP: 3/3
   257 | D:1      | Reached XP level 2. HP: 8/17 MP: 0/5
   572 | D:1      | Reached skill level 1 in Summonings
   790 | D:1      | Reached XP level 3. HP: 22/22 MP: 6/6
   836 | D:1      | Reached skill level 1 in Conjurations
  1893 | D:2      | HP: 1/22 [white imp/puff of frost (3)]
  1896 | D:2      | Killed from afar by a white imp

Illustrated notes

Levels and vault maps discovered:
D:1:      scummos_arrival_hexagon, layout_loops_ring
D:2:      layout_rooms, tgw_kikubaaqudgha

Skill      XL: |  1  2  3 |
---------------+----------+-----
Summonings     | 1 |  1.1
Conjurations   | 1 |  1.1
Fighting       | |  0.7
Short Blades   | |  0.9
Dodging        | |  2.4
Stealth        | |  2.7
Spellcasting   | |  2.5
Translocations | |  1.5

Action                   || total
-------------------------++-------
Melee: Dagger            ||    46
 Fire: Hunting sling     ||    40
 Cast: Magic Dart        ||    51
Armor: Robe              ||     4
Dodge: Dodged            ||    42

Table legend: (Time is in decaauts)
 A = Elapsed time spent in this place.
 B = Non-inter-level travel time spent in this place.
 C = Inter-level travel time spent in this place.
 D = Time resting spent in this place.
 E = Time spent auto-exploring this place.
 F = Levels seen in this place.
 G = Mean time per level.
                   A        B        C        D        E       F      G
               +--------+--------+--------+--------+--------+-----+--------+
         Total |   1900 |   1864 |     36 |    331 |   1274 |   2 |  950.0 |
       Dungeon |   1900 |   1864 |     36 |    331 |   1274 |   2 |  950.0 |
               +--------+--------+--------+--------+--------+-----+--------+

Top non-repeatable levels by time:
     D:1: 1417 daAuts
     D:2: 482 daAuts
